 Dungeon Crawl Stone Soup version 0.24.0-41-g2ae2f7f1be (webtiles) character file.

Game seed: 11604918912083541602, levelgen mode: deterministic

1295 Iamsoldier the Poker (level 8, 0/62 HPs)
             Began as a Demonspawn Berserker on Dec 12, 2019.
             Was a Priest of Trog.
             Slain by an orc warrior
             ... wielding a +0 halberd
              (23 damage)
             ... on level 6 of the Dungeon.
             The game lasted 00:08:38 (5442 turns).

Iamsoldier the Poker (Demonspawn Berserker)         Turns: 5442, Time: 00:08:39

Health: 0/62       AC: 10    Str: 20    XL:     8   Next: 30%
Magic:  8/8        EV: 12    Int:  9    God:    Trog [***...]
Gold:   277        SH:  4    Dex: 12    Spells: 7/7 levels left

rFire    . . .     SeeInvis .   a - +0 spear
rCold    . . .     Gourm    .   r - +0 buckler (curse)
rNeg     . . .     Faith    .   w - +0 ring mail
rPois    .         Spirit   .   s - +0 helmet (curse)
rElec    .         Reflect  .   (no cloak)
rCorr    .         Harm     .   p - +0 pair of gloves
MR       .....                  v - +1 pair of boots {Fly}
Stlth    +.........             (no amulet)
HPRegen  0.20/turn              (no ring)
MPRegen  0.11/turn              (no ring)

@: berserk cooldown, flying, starving, slowed, very slow
A: demonic guardian 1, spiny 1, sturdy frame 2
a: Berserk, Trog's Hand, Renounce Religion, Stop Flying


You were on level 6 of the Dungeon.
You worshipped Trog.
Trog was most pleased with you.
You were starving.

You visited 1 branch of the dungeon, and saw 6 of its levels.

You collected 277 gold pieces.

Inventory:

Hand Weapons
 a - a +0 spear (weapon)
Armour
 p - a +0 pair of gloves (worn)
 r - a cursed +0 buckler (worn)
 s - a cursed +0 helmet (worn)
 v - a +1 pair of boots of flying (worn)
 w - a +0 ring mail (worn)
Wands
 x - a wand of acid (6)
Scrolls
 b - a scroll of immolation {unknown}
 d - 3 scrolls of enchant armour {unknown}
 f - 2 scrolls of teleportation {unknown}
 g - a scroll of fear {unknown}
 i - 3 scrolls of noise {unknown}
 j - 3 scrolls of identify {unknown}
 l - 2 scrolls of magic mapping {unknown}
 o - 2 scrolls of remove curse {unknown}
 t - a scroll of amnesia {unknown}
Potions
 e - a potion of mutation {unknown}
 h - 3 potions of curing {unknown}
 k - 6 potions of lignification {unknown}
 m - a potion of flight {unknown}
 n - 2 potions of might {unknown}
 u - 3 potions of heal wounds {unknown}
 z - a potion of cancellation {unknown}
Comestibles
 c - 6 rations


   Skills:
 + Level 5.3 Fighting
 * Level 6.4 Polearms
 + Level 4.4 Armour
 - Level 2.3 Dodging
 + Level 3.5 Shields


You had 7 spell levels left.
You didn't know any spells.
Your spell library was empty.

Dungeon Overview and Level Annotations

Branches:
Dungeon (6/15)
 Temple: D:4-7

Altars:

Shops:
D:4 [


Innate Abilities, Weirdness & Mutations

A weak demonic guardian rushes to your aid.
You are partially covered in sharp spines.
Your movements are less encumbered by armour. (ER -4)


Message History

You barely miss the orc warrior.
The orc warrior is moderately wounded.
The orc warrior hits you with a +0 halberd.
Your shadow imp hits the orc warrior but does no damage.
The orc warrior hits you from afar with a +0 halberd!!
Your shadow imp misses the orc warrior.
Your shadow imp barely misses the orc warrior.
Your shadow imp hits the orc warrior but does no damage.
The orc warrior closely misses you.
Things that are here:
3 chunks of flesh; a jackal skeleton Your shadow imp disappears in a puff of smoke!
Things that are here:
a +2 flail of crushing; a +0 ring mail The orc is struck by your spines.
You kill the orc!
Trog accepts your kill.
There is a stone staircase leading up here.
The orc warrior hits you from afar with a +0 halberd!!
You die...

...##### .. .(#.<.##
..#
##.....#######..#
#............)..#
#...............#.
..#..............?..
......!..%o.......#
.##[......o.......#
#.......o.@.....#
#.......#########
##.....## ##...##
#####


You could see an orc warrior and 2 orcs.

Vanquished Creatures
  Edmund (D:6)
  2 ice beasts (D:5)
  A sky beast (D:5)
  An ogre (D:5)
  2 centaurs (D:5)
  A scorpion (D:5)
  2 crimson imps
  A hound (D:4)
  An orc priest (D:3)
  A centaur skeleton (D:5)
  Ijyb (D:4)
  2 worker ants
  A worker ant zombie (D:6)
  8 adders
  A gnoll (D:1)
  An ooze (D:5)
  An adder skeleton (D:4)
  3 worms
  4 dart slugs
  8 leopard geckos
  18 orcs
  4 bats
  4 giant cockroaches
  3 goblins
  10 hobgoblins
  10 jackals
  4 kobolds
  A quokka (D:2)
  A ball python skeleton (D:4)
  4 frilled lizards
  A quokka skeleton (D:5)
  5 rats (D:1)
108 creatures vanquished.

Vanquished Creatures (collateral kills)
  An ice beast (D:5)
  A sky beast (D:5)
  An ogre (D:4)
  An orc wizard (D:5)
  A worker ant zombie (D:6)
  An ooze (D:4)
  2 orcs (D:5)
  A giant cockroach (D:4)
  A quokka skeleton (D:5)
10 creatures vanquished.

Vanquished Creatures (others)
  A plant (D:5)
1 creature vanquished.

Grand Total: 119 creatures vanquished

Notes
Turn   | Place    | Note
-------+----------+-------------------------------------------
     0 | D:1      | Iamsoldier the Demonspawn Berserker began the quest for the
                  | Orb.
     0 | D:1      | Reached XP level 1. HP: 18/18 MP: 1/1
   262 | D:1      | Gained mutation: Your movements are slightly less
                  | encumbered by armour. (ER -2) [demonic ancestry]
   262 | D:1      | Reached XP level 2. HP: 24/24 MP: 2/2
   285 | D:1      | Reached skill level 3 in Polearms
   702 | D:1      | Gained mutation: You are partially covered in sharp spines.
                  | [demonic ancestry]
   702 | D:1      | Reached XP level 3. HP: 29/29 MP: 3/3
  2028 | D:2      | Reached XP level 4. HP: 35/35 MP: 4/4
  2118 | D:3      | Reached ** piety under Trog
  2933 | D:3      | Gained mutation: A weak demonic guardian rushes to your
                  | aid. [demonic ancestry]
  2933 | D:3      | Reached XP level 5. HP: 41/41 MP: 5/5
  3057 | D:3      | Reached skill level 4 in Polearms
  3297 | D:3      | Reached skill level 1 in Shields
  3510 | D:4      | Noticed Ijyb
  3516 | D:4      | Killed Ijyb
  3670 | D:4      | Gained mutation: Your movements are less encumbered by
                  | armour. (ER -4) [demonic ancestry]
  3670 | D:4      | Reached XP level 6. HP: 43/48 MP: 6/6
  3683 | D:4      | Found Mele's Armour Emporium.
  4100 | D:5      | Entered Level 5 of the Dungeon
  4109 | D:5      | Reached *** piety under Trog
  4361 | D:5      | Reached skill level 5 in Polearms
  4361 | D:5      | Reached XP level 7. HP: 39/55 MP: 7/7
  5030 | D:5      | Reached skill level 5 in Fighting
  5070 | D:5      | Reached skill level 6 in Polearms
  5070 | D:5      | Reached XP level 8. HP: 62/62 MP: 8/8
  5391 | D:6      | Noticed Edmund
  5425 | D:6      | Killed Edmund
  5442 | D:6      | Slain by an orc warrior

Levels and vault maps discovered:
D:1:      dpeg_arrival_signposts, layout_loops_corners, minmay_distorted
D:2:      layout_rooms, first_ration
D:3:      layout_loops_corners
D:4:      layout_basic, serial_shops, shop, uniq_ijyb
D:5:      layout_rooms, serial_bayou, serial_bayou_pond_a, serial_bayou_ford_a,
          serial_bayou_shore_b, serial_bayou_lake_a
D:6:      layout_rooms, kennysheep_mini_moat, kennysheep_generic_room_13,
          uniq_edmund

Skill      XL: |  1  2  3  4  5  6  7 |
---------------+----------------------+-----
Polearms       | 3 4 5 6 |  6.4
Armour         | 2 3 4 |  4.4
Dodging        | 2 |  2.3
Shields        | 1 2 3 |  3.5
Fighting       | 4 5 |  5.3

Action                   |  1- 3 |  4- 6 |  7- 9 || total
-------------------------+-------+-------+-------++-------
Melee: Spear             |   103 |   213 |   157 ||   473
Invok: Berserk           |     3 |     3 |     1 ||     7
       Trog's Hand       |       |     1 |       ||     1
 Stab: Sleeping          |     4 |     1 |     1 ||     6
  Eat: Chunk             |     6 |    11 |     2 ||    19
Armor: Animal skin       |     8 |       |       ||     8
       Leather armour    |       |    13 |       ||    13
       Ring mail         |       |    22 |    29 ||    51
Dodge: Dodged            |    33 |    66 |    43 ||   142
Block: Buckler           |       |    17 |    19 ||    36
